 Dungeon Crawl Stone Soup version 0.30-a0-347-gf58ed5266c (webtiles) character file.

Game seed: 9004310059233747182

24213 Bnni the Devastator (level 13, -5/84 HPs)
             Began as a Tengu Conjurer on Nov 5, 2022.
             Was an Elder of Vehumet.
             Slain by a flying skull (9 damage)
             ... in a Gauntlet on Nov 6, 2022.
             The game lasted 01:09:21 (17596 turns).

Bnni the Devastator (Tengu Conjurer)               Turns: 17596, Time: 01:09:23

Health: -5/84      AC: 10    Str:  7    XL:     13   Next: 11%
Magic:  28/28      EV: 14    Int: 23    God:    Vehumet [****..]
Gold:   687        SH:  0    Dex: 14    Spells: 18/32 levels left

rFire   . . .      SeeInvis .    B - +8 demon trident (elec)
rCold   . . .      Faith    .    (no shield)
rNeg    . . .      Spirit   .    K - +0 steam dragon scales
rPois   +          Reflect  .    (helmet restricted)
rElec   .          Harm     .    a - +0 cloak
rCorr   .          Rampage  .    (no gloves)
Will    .....      NoTele   +    (boots unavailable)
Stlth   +.........               (no amulet)
HPRegen 0.34/turn                D - +4 ring of protection
MPRegen 0.21/turn                E - ring of poison resistance

@: confused, mighty, ambrosia-drunk, on berserk cooldown, flying quickly and
evasively, slowed, very slow
A: beak, talons 3, nimble flight
a: Renounce Religion


You were in a Gauntlet.
You worshipped Vehumet.
Vehumet was greatly pleased with you.
You visited 2 branches of the dungeon, and saw 14 of its levels.
You also visited: Sewer and Gauntlet.

You collected 687 gold pieces.

Inventory:

Hand Weapons
 u - a +0 dagger of venom
 v - a +1 dagger of electrocution
 B - a +8 demon trident of electrocution (weapon)
 H - the +10 whip "Woiqyv Ell" {freeze, rElec rC+ Int-2 Dex+3}
   (You found it on level 7 of the Dungeon)

   It freezes those it strikes, dealing additional cold damage.
   It can also slow down cold-blooded creatures.
   Int:       It affects your intelligence (-2).
   Dex:       It affects your dexterity (+3).
   rC:        It protects you from cold.
   rElec:     It insulates you from electricity.
Missiles
 r - a throwing net
 y - 3 curare-tipped darts
Armour
 a - a +0 cloak (worn)
 K - +0 steam dragon scales (worn)
 L - +0 fire dragon scales
Jewellery
 e - a ring of protection from fire
 f - the ring of the Will of the Gods {rElec rCorr Str+3 Stlth+}
   (You found it in a Gauntlet)

   [ring of resist corrosion]

   Str:       It affects your strength (+3).
   rElec:     It insulates you from electricity.
   rCorr:     It protects you from acid and corrosion.
   Stlth:     It makes you more stealthy.
 D - a +4 ring of protection (left hand)
 E - a ring of poison resistance (right hand)
 M - a ring of see invisible
Wands
 l - a wand of digging (3)
 p - a wand of roots (15)
 s - a wand of mindburst (35)
 A - a wand of flame (42)
 J - a wand of charming (7)
Scrolls
 b - a scroll of enchant weapon
 h - 2 scrolls of immolation
 k - 2 scrolls of silence
 m - a scroll of brand weapon
 n - 4 scrolls of teleportation
 x - a scroll of amnesia
 C - a scroll of poison
 O - a scroll of enchant armour
Potions
 c - 2 potions of magic
 d - a potion of curing
 g - a potion of invisibility {unknown}
 i - 3 potions of berserk rage
 j - a potion of lignification
 o - a potion of might
 t - a potion of attraction
 w - a potion of mutation
 z - a potion of experience {unknown}
 I - 2 potions of resistance {unknown}


   Skills:
 + Level 10.9 Fighting
 - Level 2.1 Dodging
 - Level 2.0 Stealth
 + Level 10.2 Spellcasting
 * Level 19.8 Conjurations
 - Level 2.0 Translocations


You had 18 spell levels left.
You knew the following spells:

 Your Spells              Type           Power      Damage    Failure   Level
a - Magic Dart            Conj           100%       1d8       0%          1
b - Searing Ray           Conj           100%       2d8       0%          2
c - Iskenderun's Mystic   Conj/Tloc      58%        2d12      1%          4
d - Hailstorm             Conj/Ice       55%        3d12      1%          3
e - Fulminant Prism       Conj/Hex       27%        3d14      1%          4

Your spell library contained the following spells:

 Spells                   Type           Power      Damage    Failure   Level
 Arcjolt                  Conj/Air       27%        1d37      1%          5
 Freeze                   Ice            44%        1d6       1%          1
 Dazzling Flash           Conj/Hex       100%       N/A       1%          3
 Kindle Blastsparks       Fire/Tloc/Air  28%        2d12      3%          3
 Frozen Ramparts          Ice            22%        1d4       4%          3
 Inner Flame              Hex/Fire       11%        N/A       4%          3
 Necrotise                Necr           44%        1d6       5%          1
 Portal Projectile        Hex/Tloc       32%        N/A       11%         3
 Call Canine Familiar     Summ           11%        N/A       17%         3
 Vampiric Draining        Necr           11%        2d6       17%         3
 Lee's Rapid Deconstruct  Erth           5%         3d6*      36%         5
 Cause Fear               Hex            5%         N/A       50%         4
 Leda's Liquefaction      Hex/Erth       5%         N/A       50%         4
 Summon Forest            Summ/Tloc      8%         N/A       71%         5
 Agony                    Necr           11%        N/A       83%         5
 Eringya's Noxious Bog    Tmut/Pois      5%         N/A       88%         6
 Summon Hydra             Summ           5%         N/A       100%        7
 Discord                  Hex            5%         N/A       100%        8


Dungeon Overview and Level Annotations

Branches:
Dungeon (13/15)            Temple (0/1) D:5            Lair (1/5) D:11
    Orc (0/2) D:11          Sewer (visited)         Gauntlet (1/1)
 Vaults: D:13-14

Altars:
Elyvilon
Fedhas
Hepliaklqana
Kikubaaqudgha
Makhleb
Nemelex Xobeh
Okawaru
Qazlal
Ru
Sif Muna
Vehumet
Xom

Annotations:
D:8 3 runed translucent doors, Kirkhe's ghost, novice DsHW
D:13 Azrael Gauntlet 9 transporters, 1 runed translucent door


Innate Abilities, Weirdness & Mutations

You have a beak for a mouth.
You have claws for feet.
Your magical nature lets you fly swiftly and evasively.


Message History

Vehumet accepts your kill.
You feel your power returning.
The mystic blast hits the flying skull.
The flying skull is moderately damaged.
The flying skull is knocked back by the mystic blast.
The flying skull slams into the stone wall!
The flying skull is severely damaged.
The mystic blast hits the flying skull!!
The flying skull is almost destroyed.
The flying skull is knocked back by the mystic blast.
The flying skull slams into the translucent stone wall!
You destroy the flying skull!
Vehumet accepts your kill.
You feel your power returning.
The mystic blast hits the flying skull.
The flying skull is lightly damaged.
The flying skull is knocked back by the mystic blast.
The flying skull slams into the translucent stone wall!
The flying skull is moderately damaged.
The mystic blast hits the flying skull!!
The flying skull is almost destroyed.
The flying skull is knocked back by the mystic blast.
The flying skull slams into the translucent stone wall!
The flying skull hits you.
* * * LOW HITPOINT WARNING * * *
The flying skull hits you but does no damage.
The flying skull barely misses you.
You feel better.
The flying skull hits you but does no damage. x6
You are confused.
You feel invigorated.
You feel less wooden.
Your +0 cloak unmelds from your body.
Your +0 steam dragon scales unmelds from your body.
The flying skull barely misses you. The flying skull hits you!
* * * LOW HITPOINT WARNING * * *
The flying skull hits you.
* * * LOW HITPOINT WARNING * * *
The flying skull hits you.
* * * LOW HITPOINT WARNING * * *
The flying skull hits you!
You die...

#≈≈.PPP♣.#..##.[.#...#≈#
##≈..P...#.##©...#...PPP
##..♣.#############...♣
##≈....#©....©....©#....
#≈≈.###################.
##≈.#^......#.#4......#.
##.#.#####.#.#2####..#.
##≈.#.zz..+.#.#^..^.#.#.
#≈≈.#§#@z.#.#.####©^#.#.
##≈.#.#≈≈≈#.#.#..=#.#.#.
##.#.#####.#.##$[#.#.#.
##≈.#.!.©[$^#.#©#.#2..#.
#≈≈.#########.#########.
##≈.....................
##.P♣...♣...♣P..♣......
##≈................P...∩
#≈≈≈#≈≈≈#≈≈≈#≈≈≈#..♣P...


You could see 3 flying skulls.

Vanquished Creatures
  Erolcha (D:11)
  A catoblepas (D:11)
  3 two-headed ogres (D:12)
  A boulder beetle (D:12)
  Urug (D:11)
  7 death yaks (D:11)
  Nergalle (D:10)
  Amaemon (D:11)
  Pikel (D:8)
  A wizard (D:13)
  An ugly thing (D:12)
  A cyclops (D:12)
  A manticore (D:11)
  Maurice (D:8)
  A moth of wrath (Gauntlet)
  A gargoyle (D:10)
  An orange demon (D:11)
  Maggie (D:8)
  2 cane toads (Lair:1)
  2 komodo dragons
  An ice devil (Gauntlet)
  3 trolls
  3 slime creatures (D:12)
  Prince Ribbit (D:7)
  8 flying skulls (Gauntlet)
  A shadow (D:11)
  4 wraiths
  9 yaks
  An acid dragon (D:13)
  5 water moccasins
  Pargi (Sewer)
  3 orc warriors
  2 sky beasts (D:8)
  An ice beast (D:6)
  4 black bears
  3 wolves (Gauntlet)
  10 centaurs
  2 ogres
  2 phantoms
  A bullfrog (D:8)
  Blork the orc (D:6)
  3 kobold brigands
  2 necrophages
  A gnoll sergeant (D:10)
  A scorpion (D:6)
  12 wights
  4 howler monkeys
  2 hounds (D:5)
  7 orc priests
  4 jellies
  Ijyb (D:4)
  3 iguanas
  15 orc wizards
  Robin (D:2)
  12 gnolls
  3 adders
  A shadow imp (D:7)
  6 white imps
  4 worms
  5 dart slugs
  34 orcs
  7 endoplasms
  3 giant cockroaches
  15 goblins
  9 hobgoblins
  2 jackals (Sewer)
  17 kobolds
  5 quokkas
  8 ball pythons
  6 bats
  7 frilled lizards
  5 rats
  2 fulminant prisms
303 creatures vanquished.

Vanquished Creatures (others)
  138 fulminant prisms
  A fungus (Lair:1)
  16 plants
  4 withered plants (Gauntlet)
159 creatures vanquished.

Grand Total: 462 creatures vanquished

Notes
Turn   | Place    | Note
-------+----------+-------------------------------------------
     0 | D:1      | Bnni the Tengu Conjurer began the quest for the Orb.
     0 | D:1      | Reached XP level 1. HP: 10/10 MP: 4/4
   344 | D:1      | Reached XP level 2. HP: 14/16 MP: 1/6
   762 | D:1      | Reached skill level 1 in Fighting
   989 | D:1      | Learned a level 2 spell: Searing Ray
  1019 | D:2      | Reached XP level 3. HP: 20/20 MP: 5/7
  1034 | D:2      | Reached skill level 6 in Conjurations
  1520 | D:2      | Noticed Robin
  1560 | D:2      | Killed Robin
  1561 | D:2      | Reached XP level 4. HP: 24/25 MP: 0/8
  2253 | D:2      | Learned a level 4 spell: Iskenderun's Mystic Blast
  2337 | D:3      | Found a glowing drain.
  2357 | Sewer    | Entered a sewer
  2435 | Sewer    | Noticed Pargi
  2460 | Sewer    | Killed Pargi
  2461 | Sewer    | Reached skill level 7 in Conjurations
  2461 | Sewer    | Reached skill level 1 in Translocations
  2461 | Sewer    | Gained mutation: Your magical nature lets you fly swiftly
                  | and evasively. [Tengu growth]
  2461 | Sewer    | Reached XP level 5. HP: 17/30 MP: 2/10
  2865 | D:3      | Reached XP level 6. HP: 36/36 MP: 6/11
  3996 | D:4      | Found a blossoming altar of Fedhas.
  3997 | D:4      | Found a radiant altar of Vehumet.
  3997 | D:4      | Found an ancient bone altar of Kikubaaqudgha.
  3998 | D:4      | Found a burning altar of Makhleb.
  3999 | D:4      | Found a stormy altar of Qazlal.
  3999 | D:4      | Found a shimmering blue altar of Sif Muna.
  4000 | D:4      | Found a white marble altar of Elyvilon.
  4001 | D:4      | Found a hazy altar of Hepliaklqana.
  4001 | D:4      | Found a shimmering altar of Xom.
  4002 | D:4      | Found a sacrificial altar of Ru.
  4009 | D:4      | Became a worshipper of Vehumet
  4119 | D:4      | Noticed Ijyb
  4194 | D:4      | Killed Ijyb
  4317 | D:4      | Noticed a black bear
  4323 | D:4      | Killed a black bear
  4324 | D:4      | Reached skill level 8 in Conjurations
  4324 | D:4      | Reached XP level 7. HP: 40/40 MP: 5/13
  4975 | D:5      | Entered Level 5 of the Dungeon
  5041 | D:5      | Found a staircase to the Ecumenical Temple.
  5561 | D:5      | Reached skill level 9 in Conjurations
  6069 | D:6      | Reached XP level 8. HP: 39/48 MP: 9/15
  6249 | D:6      | Noticed Blork the orc
  6255 | D:6      | Killed Blork the orc
  6329 | D:6      | Reached skill level 10 in Conjurations
  6440 | D:6      | Identified the +3 plate armour of Lies {rPois rC- Str+2
                  | SInv}
  6829 | D:6      | Found an iron altar of Okawaru.
  6873 | D:6      | Reached skill level 5 in Spellcasting
  6983 | D:6      | Reached skill level 5 in Fighting
  6983 | D:6      | Reached skill level 11 in Conjurations
  7165 | D:7      | Learned a level 3 spell: Hailstorm
  7191 | D:7      | Reached XP level 9. HP: 54/54 MP: 11/17
  7206 | D:7      | Learned a level 4 spell: Fulminant Prism
  7426 | D:7      | Reached * piety under Vehumet
  7426 | D:7      | Offered knowledge of Sandblast by Vehumet.
  7793 | D:7      | Identified the +10 whip "Woiqyv Ell" {freeze, rElec rC+
                  | Int-2 Dex+3}
  8030 | D:7      | Noticed Prince Ribbit
  8036 | D:7      | Killed Prince Ribbit
  8037 | D:7      | Reached skill level 12 in Conjurations
  8753 | D:8      | Noticed Pikel
  8755 | D:8      | Reached skill level 13 in Conjurations
  8763 | D:8      | Killed Pikel
  8764 | D:8      | Reached XP level 10. HP: 21/61 MP: 6/21
  8979 | D:8      | Reached skill level 14 in Conjurations
  9029 | D:8      | Found a runed translucent gate.
  9029 | D:8      | Found a runed translucent gate.
  9029 | D:8      | Found a runed translucent gate.
  9029 | D:8      | Noticed a nine-headed hydra
  9029 | D:8      | Noticed Kirkhe's ghost (novice DsHW)
  9029 | D:8      | Noticed an 11-headed hydra
  9077 | D:8      | Noticed Maggie
  9089 | D:8      | Killed Maggie
  9219 | D:8      | Noticed Maurice
  9285 | D:8      | Killed Maurice
  9383 | D:8      | Reached ** piety under Vehumet
  9414 | D:8      | Offered knowledge of Shock by Vehumet.
 10839 | D:9      | Reached skill level 15 in Conjurations
 11388 | D:10     | Entered Level 10 of the Dungeon
 11539 | D:10     | Noticed a gargoyle
 11543 | D:10     | Killed a gargoyle
 11725 | D:10     | Offered knowledge of Poisonous Vapours by Vehumet.
 11726 | D:10     | Reached XP level 11. HP: 68/68 MP: 17/23
 11769 | D:10     | Noticed Nergalle
 11929 | D:10     | Killed Nergalle
 12602 | D:11     | Found a staircase to the Orcish Mines.
 12615 | D:11     | Noticed a death yak
 12616 | D:11     | Noticed a death yak
 12617 | D:11     | Noticed a death yak
 12624 | D:11     | Killed a death yak
 12624 | D:11     | Killed a death yak
 12625 | D:11     | Reached skill level 16 in Conjurations
 12630 | D:11     | Killed a death yak
 12723 | D:11     | Noticed a death yak
 12725 | D:11     | Noticed a death yak
 12750 | D:11     | Noticed a death yak
 12904 | D:11     | Killed a death yak
 13013 | D:11     | Noticed a death yak
 13023 | D:11     | Killed a death yak
 13023 | D:11     | Reached *** piety under Vehumet
 13116 | D:11     | Killed a death yak
 13446 | D:11     | Noticed Urug
 13453 | D:11     | Killed Urug
 13454 | D:11     | Reached skill level 17 in Conjurations
 13837 | D:11     | Found a staircase to the Lair.
 13933 | D:11     | Noticed a manticore
 13937 | D:11     | Killed a manticore
 14056 | D:11     | Noticed Amaemon
 14059 | D:11     | Reached XP level 12. HP: 76/76 MP: 17/25
 14065 | D:11     | Killed Amaemon
 14067 | D:11     | Killed Erolcha
 14260 | D:11     | Killed a death yak
 14261 | D:11     | Reached skill level 18 in Conjurations
 14535 | D:12     | Noticed a boulder beetle
 14539 | D:12     | Offered knowledge of Airstrike by Vehumet.
 14547 | D:12     | Killed a boulder beetle
 14849 | D:12     | Reached skill level 10 in Fighting
 15123 | D:12     | Found a sparkling altar of Nemelex Xobeh.
 15236 | D:12     | Noticed a catoblepas
 15285 | D:11     | Upgraded the game from 0.30-a0-341-g682706514a to
                  | 0.30-a0-347-gf58ed5266c
 15300 | D:11     | Killed a catoblepas
 15532 | D:12     | Noticed a two-headed ogre
 15565 | D:12     | Killed a two-headed ogre
 15821 | D:12     | Noticed a two-headed ogre
 15829 | D:12     | Killed a two-headed ogre
 16029 | D:12     | Noticed a two-headed ogre
 16044 | D:12     | Killed a two-headed ogre
 16045 | D:12     | Reached skill level 19 in Conjurations
 16315 | D:13     | Noticed Azrael
 16318 | D:13     | HP: 2/78 [Azrael/damnation (31)]
 16594 | Lair:1   | Entered Level 1 of the Lair of Beasts
 16717 | D:11     | Reached skill level 10 in Spellcasting
 16957 | Lair:1   | Found a gate leading to a gauntlet.
 16994 | Gauntlet | Entered a Gauntlet
 16994 | Gauntlet | Found a transporter.
 17006 | Gauntlet | Found a transporter.
 17017 | Gauntlet | Found a transporter.
 17020 | Gauntlet | Found a transporter.
 17034 | Gauntlet | Found a transporter.
 17050 | Gauntlet | Noticed a death scarab
 17051 | Gauntlet | Found a transporter.
 17051 | Gauntlet | Noticed a death scarab
 17065 | Gauntlet | Found a transporter.
 17073 | Gauntlet | Found a transporter.
 17088 | Gauntlet | Found a runed translucent door.
 17088 | Gauntlet | Found a runed translucent door.
 17092 | Gauntlet | Found a transporter.
 17106 | Gauntlet | Found a transporter.
 17153 | Gauntlet | Noticed a reaper
 17155 | Gauntlet | Found a transporter.
 17169 | Gauntlet | Found a transporter.
 17188 | Gauntlet | Found a transporter.
 17275 | Gauntlet | Found a transporter.
 17414 | Gauntlet | Reached XP level 13. HP: 60/83 MP: 15/28
 17415 | Gauntlet | Reached **** piety under Vehumet
 17551 | Gauntlet | Identified the ring of the Will of the Gods {rElec rCorr
                  | Str+3 Stlth+}
 17580 | Gauntlet | Offered knowledge of Arcjolt by Vehumet.
 17596 | Gauntlet | HP: 4/84 [flying skull (4)]
 17596 | Gauntlet | Slain by a flying skull

Illustrated notes

Levels and vault maps discovered:
D:1:      ncdulo_watergridlock, layout_basic, serial_rivers,
          chequers_serial_rivers_micro_e, chequers_serial_rivers_room_a,
          chequers_serial_rivers_micro_e, chequers_serial_rivers_marsh,
          chequers_serial_rivers_micro_b, minmay_misc_feat_hallway
D:2:      layout_loops_ring, minmay_tetromino_s4, uniq_robin
D:3:      layout_loops_corners, cheibrodos_sewer_entry_sluice
D:4:      layout_basic, nicolae_overflows_in_rows, serial_bayou,
          serial_bayou_pond_d, serial_bayou_shore_a, serial_bayou_lagoon_b,
          serial_bayou_ford_a, uniq_ijyb
D:5:      layout_loops_ring, minmay_temple_entry_ruins
D:6:      layout_rooms, kennysheep_okawaru_gauntlet, uniq_blork_the_orc
D:7:      layout_cave_pools, nicolae_water_bricks, uniq_prince_ribbit1
D:8:      layout_basic, gammafunk_ghost_hydra_chop, uniq_maurice, uniq_maggie,
          uniq_pikel
D:9:      layout_layer_cave
D:10:     layout_loops_ring, kennysheep_flooded_box, uniq_nergalle
D:11:     layout_roguey, dpeg_lair_monsters, orc_0_dummy, item_on_display_a,
          uniq_urug, uniq_erolcha, uniq_amaemon
D:12:     layout_cave_pods, nemelex_diamond_rough_becter
D:13:     layout_gridville, kennysheep_generic_room_9, uniq_azrael
Lair:1:   layout_concentric_octagons, gauntlet_entry_generic,
          beast_lair_carwin_7, grunt_megastairs_3, lemuel_fruit_tree,
          uniq_fannar, uniq_gastronok
Gauntlet: minmay_gauntlet_77_tree [minmay_gauntlet_arena_77_double_cross,
          minmay_gauntlet_arena_77_two_lines, minmay_gauntlet_arena_77_museum,
          minmay_gauntlet_arena_77_shame_cube,
          minmay_gauntlet_arena_77_radiant_squares,
          minmay_gauntlet_arena_77_terracotta_army,
          minmay_gauntlet_arena_77_p_blocks, gauntlet_exit_hidden_loot]

Skill      XL: |  1  2  3  4  5  6  7  8  9 10 11 12 |
---------------+-------------------------------------+-----
Fighting       | 1 2 3 5 6 8 9 10 | 10.9
Conjurations   | 6 7 8 9 11 13 15 17 19 | 19.8
Spellcasting   | 3 4 5 6 7 8 10 | 10.2
Translocations | 1 2 |  2.0
Dodging        | |  2.1
Stealth        | |  2.0

Action                   |  1- 3 |  4- 6 |  7- 9 | 10-12 | 13-15 || total
-------------------------+-------+-------+-------+-------+-------++-------
Melee: Short sword       |     6 |    26 |       |       |       ||    32
       Peck              |     3 |     2 |     1 |    13 |       ||    19
       Kick              |     1 |     9 |     8 |    26 |     1 ||    45
       Dagger            |       |       |    18 |    34 |       ||    52
       Whip              |       |       |       |    26 |       ||    26
       Demon trident     |       |       |       |    17 |    24 ||    41
       Punch             |       |       |       |     1 |     1 ||     2
Throw: Dart              |       |       |       |     7 |       ||     7
       Throwing net      |       |       |       |     1 |       ||     1
 Cast: Magic Dart        |    66 |    81 |   143 |    48 |       ||   338
       Searing Ray       |     1 |    11 |    27 |    39 |     1 ||    79
       Hailstorm         |       |       |    14 |    24 |       ||    38
       Iskenderun's Myst |       |       |    12 |    34 |     1 ||    47
       Fulminant Prism   |       |       |     2 |   138 |       ||   140
Evoke: Wand              |       |       |       |     6 |       ||     6
  Use: Potion            |       |     3 |     3 |     6 |     5 ||    17
       Scroll            |       |     3 |     3 |    22 |       ||    28
 Stab: Held in net/web   |       |       |       |     1 |       ||     1
Armor: Robe              |     4 |    11 |     9 |     3 |       ||    27
       Skin              |       |    22 |     3 |    13 |   114 ||   152
       Steam dragon scal |       |       |       |    65 |     5 ||    70
Dodge: Dodged            |     2 |    33 |    49 |   132 |    21 ||   237

Table legend: (Time is in decaauts)
 A = Elapsed time spent in this place.
 B = Non-inter-level travel time spent in this place.
 C = Inter-level travel time spent in this place.
 D = Time resting spent in this place.
 E = Time spent auto-exploring this place.
 F = Levels seen in this place.
 G = Mean time per level.
                   A        B        C        D        E       F      G
               +--------+--------+--------+--------+--------+-----+--------+
         Total |  16913 |  16482 |    431 |   3109 |  10882 |  16 | 1057.1 |
       Dungeon |  15900 |  15469 |    431 |   2744 |  10546 |  13 | 1223.1 |
          Lair |    174 |    174 |      0 |     68 |     53 |   1 |  174.0 |
         Sewer |    252 |    252 |      0 |     62 |    138 |   1 |  252.0 |
      Gauntlet |    584 |    584 |      0 |    235 |    144 |   1 |  584.0 |
               +--------+--------+--------+--------+--------+-----+--------+

Top non-repeatable levels by time:
    D:11: 2285 daAuts
     D:8: 1984 daAuts
    D:12: 1631 daAuts
     D:2: 1253 daAuts
     D:3: 1201 daAuts
     D:7: 1190 daAuts
     D:9: 1138 daAuts
     D:4: 1108 daAuts
     D:6: 1039 daAuts
     D:1: 1001 daAuts
     D:5: 989 daAuts
    D:10: 940 daAuts
Gauntlet: 584 daAuts
   Sewer: 252 daAuts
  Lair:1: 174 daAuts
